 Dungeon Crawl Stone Soup version 0.28-a0-1206-g193881aaa2 (console) character file.

Game seed: 12078131752291336460

6524 Goblin1989 the Cleaver (level 10, -4/94 HPs)
             Began as a Deep Dwarf Fighter on Dec 19, 2021.
             Was a Priest of Makhleb.
             Killed from afar by an electric eel (5 damage)
             ... with a bolt of electricity
             ... in a bailey on Dec 20, 2021.
             The game lasted 00:13:43 (4532 turns).

Goblin1989 the Cleaver (Deep Dwarf Fighter)         Turns: 4532, Time: 00:13:44

Health: -4/94      AC: 15    Str: 24    XL:     10   Next: 69%
Magic:  0/0        EV: 13    Int:  9    God:    Makhleb [***...]
Gold:   198        SH:  5    Dex: 12    Spells: 9/9 levels left

rFire   . . .      SeeInvis +   a - +0 war axe
rCold   . . .      Faith    .   c - +0 buckler
rNeg    . . .      Spirit   .   b - +0 scale mail
rPois   .          Reflect  .   (no helmet)
rElec   .          Harm     .   y - +0 cloak
rCorr   .          Rampage  .   z - +2 pair of gloves
Will    +....                   B - +1 pair of boots
Stlth   ..........              (no amulet)
HPRegen 0.00/turn               h - ring of see invisible
MPRegen 0.07/turn               (no ring)

@: no status effects
A: damage resistance, heal wounds, sense surroundings 2, no regeneration
a: Heal Wounds, Renounce Religion, Minor Destruction, Lesser Servant of Makhleb


You were in a bailey.
You worshipped Makhleb.
Makhleb was most pleased with you.
You visited 1 branch of the dungeon, and saw 7 of its levels.
You also visited: Ossuary and Bailey.

You collected 322 gold pieces.
You spent 124 gold pieces at shops.

Inventory:

Hand Weapons
 a - a +0 war axe (weapon)
Armour
 b - a +0 scale mail (worn)
 c - a +0 buckler (worn)
 y - a +0 cloak (worn)
 z - a +2 pair of gloves (worn)
 B - a +1 pair of boots (worn)
 G - a +0 pair of gloves of infusion
Jewellery
 h - a ring of see invisible (left hand)
 i - an amulet of guardian spirit
 o - a +6 ring of intelligence
Wands
 x - a wand of digging (3) {@v3}
 F - a wand of polymorph (6)
Scrolls
 g - a scroll of magic mapping
 j - 4 scrolls of identify {unknown}
 m - a scroll of acquirement {unknown}
 p - a scroll of teleportation {unknown}
 q - a scroll of noise {unknown}
 r - a scroll of holy word {unknown}
 C - 2 scrolls of fear {unknown}
 D - 2 scrolls of fog {unknown}
 E - a scroll of enchant weapon {unknown}
 H - 2 scrolls of blinking {unknown}
 I - a scroll of vulnerability {unknown}
Potions
 d - a potion of might {@q4}
 e - 2 potions of mutation {unknown}
 k - 3 potions of lignification {unknown}
 l - 3 potions of heal wounds {unknown}
 s - 2 potions of degeneration {unknown}
 t - 2 potions of flight {unknown}
 u - 2 potions of brilliance {unknown}
 v - 7 potions of curing {unknown}
 w - a potion of experience {unknown}
 A - a potion of cancellation {unknown}


   Skills:
 + Level 7.0 Fighting
 * Level 11.1 Axes
 + Level 8.3 Armour
 + Level 7.4 Dodging
 - Level 4.0 Shields
 + Level 5.6 Invocations


You had 9 spell levels left.
You didn't know any spells.
Your spell library was empty.

Dungeon Overview and Level Annotations

Branches:
Dungeon (7/15)             Temple (0/1) D:5         Ossuary (visited)
 Bailey (1/1)

Altars:
Elyvilon
Hepliaklqana
Makhleb
Nemelex Xobeh
Qazlal
Ru
Sif Muna
Uskayaw
Zin

Shops:
D:5 *


Innate Abilities, Weirdness & Mutations

You are resistant to damage.
You can heal yourself by infusing magical energy.
You passively map the area around you.
You do not regenerate.


Message History

* * * LOW HITPOINT WARNING * * *
You take 14 damage, and have 1/94 hp.
You feel much better.
The orc knight hits you with a +0 broad axe.
* * * LOW HITPOINT WARNING * * *
You regained 29 hp, and now have 30/94 hp.
You feel much better.
The electric eel shoots out a bolt of lightning at you!
The bolt of electricity hits you. The orc knight barely misses you.
You regained 17 hp, and now have 47/94 hp.
You feel much better.
The orc knight hits you with a +0 broad axe.
You regained 11 hp, and now have 58/94 hp.
You feel much better.
The electric eel shoots out a bolt of lightning at you!
The bolt of electricity misses you.
The orc knight hits you with a +0 broad axe!
You regained 7 hp, and now have 65/94 hp.
You feel much better.
The orc knight hits you with a +0 broad axe.
You regained 26 hp, and now have 91/94 hp.
Your magical essence is drained by the effort!
You feel much better.
The electric eel shoots out a bolt of lightning at you!
The bolt of electricity hits you.
The orc knight hits you with a +0 broad axe.
You take 1 damage, and have 90/94 hp.
You now have 1/1 mp.
You completely miss the orc knight. The orc knight closely misses you.
You barely miss the orc knight.
The electric eel shoots out a bolt of lightning at you!
The bolt of electricity hits you!
The orc knight hits you with a +0 broad axe.
You slash the orc knight!
The orc knight is moderately wounded.
The electric eel shoots out a bolt of lightning at you!
The bolt of electricity hits you.
The orc knight hits you with a +0 broad axe!
You hit the orc knight.
The orc knight is moderately wounded.
The electric eel shoots out a bolt of lightning at you!
The bolt of electricity hits you! The orc knight closely misses you.
You take 31 damage, and have 59/94 hp.
MASSIVE DAMAGE!!
You hit the orc knight but do no damage.
The orc knight is moderately wounded.
The orc knight hits you with a +0 broad axe!
You take 11 damage, and have 48/94 hp.
You slash the orc knight!
The orc knight is heavily wounded.
The orc knight hits you with a +0 broad axe!!
* * * LOW HITPOINT WARNING * * *
You take 20 damage, and have 28/94 hp.
MASSIVE DAMAGE!!
You hit the orc knight.
The orc knight is heavily wounded.
The orc knight hits you with a +0 broad axe!!
* * * LOW HITPOINT WARNING * * *
You take 20 damage, and have 8/94 hp.
MASSIVE DAMAGE!!
Your magical essence is drained by the effort!
You feel much better.
The electric eel shoots out a bolt of lightning at you!
The bolt of electricity hits you!
* * * LOW HITPOINT WARNING * * *
The orc knight hits you with a +0 broad axe.
* * * LOW HITPOINT WARNING * * *
You regained 15 hp, and now have 23/94 hp.
You now have 0/0 mp.
You don't have enough innate magic capacity.
You don't have enough innate magic capacity.
You don't have enough innate magic capacity.
You don't have enough innate magic capacity.
You don't have enough innate magic capacity.
You don't have enough innate magic capacity.
You don't have enough innate magic capacity.
Unknown command.
You hit the orc knight.
The orc knight is heavily wounded.
The orc knight hits you but does no damage.
You closely miss the orc knight.
The orc knight is heavily wounded.
The electric eel shoots out a bolt of lightning at you!
The bolt of electricity hits you!
* * * LOW HITPOINT WARNING * * *
The orc knight misses you.
You take 13 damage, and have 10/94 hp.
You hit the orc knight.
The orc knight is heavily wounded.
The electric eel shoots out a bolt of lightning at you!
The bolt of electricity hits you.
* * * LOW HITPOINT WARNING * * *
The orc knight hits you with a +0 broad axe.
* * * LOW HITPOINT WARNING * * *
You take 9 damage, and have 1/94 hp.
You completely miss the orc knight.
The orc knight is heavily wounded.
The electric eel shoots out a bolt of lightning at you!
The bolt of electricity misses you. The orc knight barely misses you.
You hit the orc knight.
The orc knight is heavily wounded.
The electric eel shoots out a bolt of lightning at you!
The bolt of electricity hits you.
You die...

)..█ · ·· ≈≈≈≈≈≈ ≈
█████████.▓▓ ▓▓████▲█≈≈≈≈≈≈
█..∆...^.∩· ▲..█.≈≈≈≈≈≈≈
█..██████ ██████..█.≈≈≈≈≈≈≈
█..█))..█·█....█..█.≈≈≈≈≈≈≈
█..█))..▲ ▲....█..█.≈≈≈≈≈≈≈ ≈▓
█..█████████████gg█.≈≈≈≈≈≈≈
██)█...........█o██.≈≈≈≈≈≈≈
∆.)..))..⌂.....)@)∆.S≈≈≈≈≈≈
█.8...).........8.█.≈≈≈≈≈≈≈≈≈▓
█....))...........█.≈≈≈≈≈≈≈ ▓
█.8.███████████.8.█.≈≈≈≈≈≈≈
█.....███████.....█.≈≈≈≈≈≈≈
█.8...█.....█...8.█.≈≈≈≈≈≈≈
█.....█.....█.....█.≈≈≈≈≈≈≈
████..█..Ψ..█..████▲█≈≈≈≈≈≈
)..█..∆.....▲..█ · ≈ ≈


You could see an orc knight, an electric eel, a gnoll and a hobgoblin.

Vanquished Creatures
  Harold (D:7)
  An orc knight (Bailey)
  2 orc sorcerers (Bailey)
  Prince Ribbit (D:5)
  Grinder (D:4)
  Sigmund (D:6)
  5 yaks (D:4)
  Eustachio (D:6)
  Menkaure (D:4)
  Edmund (D:6)
  Duvessa (D:6)
  A water moccasin (D:6)
  8 orc warriors (Bailey)
  2 sky beasts (D:6)
  A black bear (D:4)
  2 ogres (D:6)
  A centaur (D:7)
  An elf zombie (Ossuary)
  2 phantoms (D:4)
  2 kobold brigands (D:6)
  A wyvern zombie (D:7)
  A scorpion (D:5)
  A water moccasin skeleton (D:5)
  Dowan (D:6)
  A killer bee (Bailey)
  A howler monkey (D:5)
  4 centaur zombies
  3 hounds
  2 orc priests
  2 jellies
  2 human zombies (Ossuary)
  A gnoll shaman (D:5)
  Jessica (D:2)
  A bullfrog skeleton (D:5)
  2 iguanas (D:4)
  Ijyb (D:4)
  4 orc wizards
  A hound skeleton (D:4)
  2 mummies (Ossuary)
  9 gnolls
  3 adders
  A white imp (D:5)
  An adder skeleton (D:4)
  8 dart slugs
  22 orcs
  12 endoplasms
  2 giant cockroaches (D:2)
  10 hobgoblins
  21 kobolds
  2 quokkas
  6 ball pythons
  6 bats
  4 frilled lizards
  14 goblins
  A goblin zombie (Ossuary)
  8 hobgoblin zombies (Ossuary)
  A jackal zombie (Ossuary)
  9 kobold zombies (Ossuary)
  11 orc zombies (Ossuary)
  5 rats
  A rat zombie (Ossuary)
225 creatures vanquished.

Vanquished Creatures (others)
  An orc wizard (D:2)
  An orc (Bailey)
2 creatures vanquished.

Grand Total: 227 creatures vanquished

Notes
Turn   | Place    | Note
-------+----------+-------------------------------------------
     0 | D:1      | Goblin1989 the Deep Dwarf Fighter began the quest for the
                  | Orb.
     0 | D:1      | Reached XP level 1. HP: 20/20 MP: 1/1
     6 | D:1      | Noticed a swamp worm
     6 | D:1      | Noticed a salamander
     6 | D:1      | Noticed a black bear
     7 | D:1      | Noticed a rime drake
     7 | D:1      | Noticed a snapping turtle
    69 | D:1      | Reached XP level 2. HP: 17/27 MP: 2/2
   564 | D:1      | Reached XP level 3. HP: 17/33 MP: 3/3
   706 | D:2      | Reached skill level 3 in Axes
   717 | D:2      | Reached skill level 1 in Dodging
   730 | D:2      | Upgraded the game from 0.28-a0-1190-g77e1c55843 to
                  | 0.28-a0-1199-gef9e1dbd39
   747 | D:2      | Reached XP level 4. HP: 32/42 MP: 4/4
  1178 | D:2      | Noticed Jessica
  1193 | D:2      | Killed Jessica
  1194 | D:2      | Reached XP level 5. HP: 44/49 MP: 5/5
  1678 | D:3      | Found a sparkling altar of Nemelex Xobeh.
  1783 | D:4      | Noticed Menkaure
  1793 | D:4      | Reached skill level 4 in Axes
  1800 | D:4      | Killed Menkaure
  1801 | D:4      | Reached XP level 6. HP: 31/56 MP: 4/4
  1821 | D:4      | Reached skill level 5 in Axes
  1912 | D:4      | Reached XP level 7. HP: 54/63 MP: 4/4
  2030 | D:4      | Noticed Ijyb
  2032 | D:4      | Noticed a yak
  2033 | D:4      | Noticed a yak
  2033 | D:4      | Noticed a yak
  2034 | D:4      | Noticed a yak
  2034 | D:4      | Noticed a yak
  2064 | D:4      | Killed Ijyb
  2073 | D:4      | Killed a yak
  2074 | D:4      | Reached skill level 5 in Armour
  2078 | D:4      | Killed a yak
  2079 | D:4      | Reached skill level 6 in Axes
  2092 | D:4      | Killed a yak
  2103 | D:4      | Killed a yak
  2104 | D:4      | Reached XP level 8. HP: 62/73 MP: 3/3
  2115 | D:4      | Reached skill level 7 in Axes
  2166 | D:4      | Noticed Grinder
  2187 | D:4      | Killed Grinder
  2188 | D:4      | Reached skill level 5 in Fighting
  2350 | D:4      | Found a hide-covered altar of Uskayaw.
  2355 | D:4      | Found a stormy altar of Qazlal.
  2447 | D:4      | Reached skill level 5 in Dodging
  2448 | D:4      | Upgraded the game from 0.28-a0-1199-gef9e1dbd39 to
                  | 0.28-a0-1206-g193881aaa2
  2456 | D:5      | Entered Level 5 of the Dungeon
  2512 | D:5      | Reached skill level 8 in Axes
  2552 | D:5      | Found Kixyipy's Assorted Antiques.
  2574 | D:5      | Bought a fizzy sapphire potion for 28 gold pieces
  2574 | D:5      | Bought a scroll labelled ANOTUVEHELE for 32 gold pieces
  2574 | D:5      | Bought a scroll labelled ETIFUU UDIOMNI for 32 gold pieces
  2574 | D:5      | Bought a scroll labelled OJALOI EHIXE for 32 gold pieces
  2926 | D:5      | Found a glowing silver altar of Zin.
  2926 | D:5      | Found a hazy altar of Hepliaklqana.
  2926 | D:5      | Found a burning altar of Makhleb.
  2926 | D:5      | Found a shimmering blue altar of Sif Muna.
  2932 | D:5      | Found a white marble altar of Elyvilon.
  2932 | D:5      | Found a sacrificial altar of Ru.
  2968 | D:5      | Found a staircase to the Ecumenical Temple.
  3012 | D:5      | Became a worshipper of Makhleb the Destroyer
  3076 | D:5      | Noticed Prince Ribbit
  3102 | D:5      | Killed Prince Ribbit
  3103 | D:5      | Gained mutation: You passively map the area around you.
                  | [Deep Dwarf growth]
  3103 | D:5      | Reached XP level 9. HP: 50/81 MP: 4/4
  3227 | D:6      | Noticed Edmund
  3252 | D:6      | Killed Edmund
  3276 | D:6      | Reached skill level 1 in Invocations
  3288 | D:6      | Reached skill level 9 in Axes
  3352 | D:6      | Noticed Duvessa
  3352 | D:6      | Noticed Dowan
  3361 | D:6      | Killed Duvessa
  3377 | D:6      | Killed Dowan
  3404 | D:6      | Noticed Sigmund
  3406 | D:6      | Noticed Eustachio
  3411 | D:6      | Killed Sigmund
  3421 | D:6      | Killed Eustachio
  3467 | D:6      | Reached * piety under Makhleb
  3779 | D:7      | Noticed Harold
  3808 | D:7      | Killed Harold
  3809 | D:7      | Reached skill level 10 in Axes
  3809 | D:7      | Reached XP level 10. HP: 66/92 MP: 2/4
  3845 | D:7      | Found a sand-covered staircase.
  3853 | Ossuary  | Entered an ossuary
  4068 | Ossuary  | Reached ** piety under Makhleb
  4182 | D:7      | Found a flagged portal.
  4211 | Bailey   | Entered a bailey
  4273 | Bailey   | Noticed an orc knight
  4301 | Bailey   | Killed an orc knight
  4319 | Bailey   | Found an iron altar of Okawaru.
  4319 | Bailey   | Noticed an orc sorcerer
  4319 | Bailey   | Noticed an orc sorcerer
  4323 | Bailey   | Paralysed by an orc sorcerer for 2 turns
  4326 | Bailey   | Noticed a rust devil
  4329 | Bailey   | Killed an orc sorcerer
  4330 | Bailey   | Reached skill level 5 in Invocations
  4332 | Bailey   | Killed an orc sorcerer
  4370 | Bailey   | Reached *** piety under Makhleb
  4416 | Bailey   | Reached skill level 11 in Axes
  4497 | Bailey   | Noticed an orc knight
  4513 | Bailey   | HP: 1/94 [orc knight (14)]
  4530 | Bailey   | HP: 1/94 [orc knight (5)]
  4532 | Bailey   | Killed from afar by an electric eel

Illustrated notes

Levels and vault maps discovered:
D:1:      onia_arrival_zoo_common, layout_basic
D:2:      layout_basic, uniq_jessica
D:3:      layout_rooms, nemelex_dance_club_becter,
          hangedman_decor_diamond_cutter, hangedman_decor_points
D:4:      layout_rooms, mainiacjoe_overflow_big_doors, minmay_misc_feat_doors,
          minivault_27, uniq_ijyb, uniq_menkaure, uniq_grinder
D:5:      layout_gridville, minmay_overflow_temple_hex, temple_pool_b,
          serial_shops, nicolae_shop_advertising_works
          [nicolae_subvault_shop_adworks], uniq_prince_ribbit1
D:6:      layout_basic, chequers_arboretum, uniq_sigmund, uniq_eustachio,
          uniq_edmund, uniq_duvessa
D:7:      layout_basic, gammafunk_ghost_stat_death, enter_bailey_3,
          chequers_ossuary_entry_cave, uniq_pikel, uniq_joseph, uniq_harold
Bailey:   bailey_axe_of_yendor_kennysheep, bailey

Skill      XL: |  1  2  3  4  5  6  7  8  9 10 |
---------------+-------------------------------+-----
Axes           | 3 4 5 6 8 10 11 | 11.1
Dodging        | 1 2 3 4 5 6 7 |  7.4
Fighting       | 3 4 5 6 7 |  7.0
Shields        | 4 |  4.0
Armour         | 4 5 6 7 8 |  8.3
Invocations    | 4 5 |  5.6

Action                   |  1- 3 |  4- 6 |  7- 9 | 10-12 || total
-------------------------+-------+-------+-------+-------++-------
Melee: War axe           |    95 |   134 |   355 |   224 ||   808
 Abil: Heal Wounds       |     1 |     8 |    23 |    21 ||    53
Evoke: Wand              |       |       |       |     3 ||     3
  Use: Scroll            |       |       |     1 |       ||     1
       Potion            |       |       |       |     1 ||     1
Armor: Scale mail        |    47 |    73 |   120 |    75 ||   315
Dodge: Dodged            |    55 |    78 |   234 |   105 ||   472
Block: Buckler           |    29 |    23 |    85 |    50 ||   187

Table legend: (Time is in decaauts)
 A = Elapsed time spent in this place.
 B = Non-inter-level travel time spent in this place.
 C = Inter-level travel time spent in this place.
 D = Time resting spent in this place.
 E = Time spent auto-exploring this place.
 F = Levels seen in this place.
 G = Mean time per level.
                   A        B        C        D        E       F      G
               +--------+--------+--------+--------+--------+-----+--------+
         Total |   4642 |   4351 |    291 |      0 |   2760 |   9 |  515.8 |
       Dungeon |   4071 |   3780 |    291 |      0 |   2574 |   7 |  581.6 |
       Ossuary |    254 |    254 |      0 |      0 |     72 |   1 |  254.0 |
        Bailey |    317 |    317 |      0 |      0 |    114 |   1 |  317.0 |
               +--------+--------+--------+--------+--------+-----+--------+

Top non-repeatable levels by time:
     D:5: 747 daAuts
     D:4: 707 daAuts
     D:2: 697 daAuts
     D:1: 669 daAuts
     D:6: 587 daAuts
     D:3: 483 daAuts
  Bailey: 317 daAuts
 Ossuary: 254 daAuts
     D:7: 180 daAuts
